 Dungeon Crawl Stone Soup version 0.17-a0-2014-g32cd421 (webtiles) character file.

899 Shim the Poker (level 8, -1/66 HPs)
             Began as a Hill Orc Gladiator on Oct 9, 2015.
             Slain by a killer bee (7 damage)
             ... on level 6 of the Dungeon.
             The game lasted 00:19:17 (4493 turns).

Shim the Poker (Hill Orc Gladiator)                 Turns: 4493, Time: 00:19:17

Health: -1/66      AC:  8    Str: 18    XL:     8   Next: 7%
Magic:  11/11      EV: 13    Int: 13    God:
Gold:   232        SH:  0    Dex: 13    Spells: 0 memorised, 11 levels left

rFire  . . .     SeeInvis .     a - +0 trident
rCold  . . .     Clarity  .     b - +0 leather armour
rNeg   . . .     SustAt   .     (no shield)
rPois  .         Gourm    .     c - +0 helmet
rElec  .         Spirit   .     y - +0 cloak
rCorr  .         Warding  .     j - +1 pair of gloves
rMut   .         Stasis   .     h - +0 pair of boots
MR     .....                    (no amulet)
Stlth  ++........               (no ring)
                                (no ring)

@: brilliant, lethally poisoned (-1 -> -7), not resistant to hostile
enchantments, unstealthy
A: no striking features
a: no special abilities


You were on level 6 of the Dungeon.
You were not hungry.

You visited 1 branch of the dungeon, and saw 6 of its levels.

You collected 232 gold pieces.

Inventory:

Hand Weapons
 a - a +0 trident (weapon)
 q - a +0 whip of venom
 C - a +1 hand axe of flaming
Missiles
 g - 117 stones (quivered)
Armour
 b - a +0 leather armour (worn)
 c - a +0 helmet (worn)
 h - a +0 pair of boots (worn)
 j - a +1 pair of gloves (worn)
 y - a +0 cloak (worn)
Wands
 E - a wand of paralysis (8)
Scrolls
 f - 7 scrolls of identify {unknown}
 m - a scroll of fear {unknown}
 o - 2 scrolls of enchant weapon {unknown}
 s - 2 scrolls of remove curse {unknown}
 u - a scroll of enchant armour {unknown}
 v - a scroll of fog {unknown}
 B - 3 scrolls of random uselessness {unknown}
 D - a scroll of recharging {unknown}
Potions
 k - a potion of ambrosia {unknown}
 l - a potion of degeneration {unknown}
 p - a potion of heal wounds {unknown}
 t - a potion of curing {unknown}
Comestibles
 e - 5 bread rations
 r - 2 chunks of flesh
 w - 2 beef jerkies
 x - 6 fruits
 z - 2 slices of pizza


   Skills:
 + Level 4.0 Fighting
 + Level 0.2 Maces & Flails
 + Level 4.8 Polearms
 + Level 3.4 Throwing
 + Level 2.4 Armour
 + Level 3.9 Dodging
 * Level 3.6 Stealth
 * Level 2.1 Spellcasting


You had 11 spell levels left.
You didn't know any spells.

Dungeon Overview and Level Annotations

Branches:
Dungeon (6/15)
 Temple: D:4-7

Altars:
Elyvilon
Nemelex Xobeh

Annotations:
D:5 Edmund


Message History

The killer bee stings you.
You are more poisoned.
The killer bee poisons you!
You barely miss the killer bee.
You feel sick. The killer bee stings you.
* * * LOW HITPOINT WARNING * * *
The killer bee barely misses you.
You feel sick.
The killer bee stings you but does no damage.
There is a stone staircase leading down here.
You feel sick. The killer bee stings you!
* * * LOW HITPOINT WARNING * * *
The killer bee closely misses you.
You climb downwards.
There is a stone staircase leading up here.
Drink which item? (? for menu, Esc to quit)
It was a potion of brilliance.
You feel clever all of a sudden.
* * * LOW HITPOINT WARNING * * *
You feel sick. The killer bee closely misses you. The killer bee stings you!
You die...

####.#######...
.......@y......
.##............
...............
........####...
..##.#..# .. .
.....# . #.
#.#. #. .# #


You could see a killer bee.

Vanquished Creatures
  Grinder (D:4)
  Prince Ribbit (D:5)
  An ogre (D:4)
  A killer bee (D:5)
  3 crimson imps
  Ijyb (D:3)
  A hound (D:4)
  2 worker ants (D:4)
  4 gnolls (D:2)
  8 adders
  An ooze (D:4)
  3 worms
  5 giant geckos
  6 orcs
  3 bats
  4 giant cockroaches
  3 hobgoblins
  8 kobolds
  A ball python (D:2)
  3 giant newts
  6 goblins
  A quokka (D:2)
  5 rats
  3 bushes (D:3)
  3 plants (D:3)
78 creatures vanquished.

Notes
Turn   | Place    | Note
--------------------------------------------------------------
     0 | D:1      | Shim the Hill Orc Gladiator began the quest for the Orb.
     0 | D:1      | Reached XP level 1. HP: 18/18 MP: 1/1
   350 | D:1      | Reached XP level 2. HP: 15/25 MP: 2/2
   930 | D:2      | Reached XP level 3. HP: 27/30 MP: 3/3
  1192 | D:2      | Found a white marble altar of Elyvilon.
  1211 | D:2      | Reached XP level 4. HP: 37/37 MP: 4/4
  1218 | D:2      | Reached skill level 4 in Polearms
  1218 | D:2      | Reached skill level 1 in Armour
  1226 | D:2      | Reached skill level 1 in Stealth
  1458 | D:2      | Reached XP level 5. HP: 40/45 MP: 6/6
  1903 | D:3      | Noticed Grinder
  1914 | D:3      | Paralysed by Grinder for 6 turns
  1921 | D:3      | Noticed Ijyb
  1923 | D:3      | Paralysed by Ijyb for 3 turns
  2474 | D:4      | Reached skill level 1 in Spellcasting
  2474 | D:4      | Reached XP level 6. HP: 40/51 MP: 7/7
  2747 | D:4      | Paralysed by Grinder for 4 turns
  2759 | D:4      | Paralysed by Grinder for 7 turns
  2771 | D:4      | Paralysed by Grinder for 2 turns
  2774 | D:4      | Killed Grinder
  2774 | D:4      | Reached XP level 7. HP: 15/57 MP: 7/9
  3392 | D:4      | Found a sparkling altar of Nemelex Xobeh.
  3616 | D:3      | Paralysed by Ijyb for 7 turns
  3632 | D:3      | Killed Ijyb
  4328 | D:5      | Entered Level 5 of the Dungeon
  4356 | D:5      | Noticed Prince Ribbit
  4368 | D:5      | Killed Prince Ribbit
  4376 | D:5      | Reached XP level 8. HP: 56/66 MP: 11/11
  4456 | D:5      | Noticed Edmund
  4493 | D:6      | Slain by a killer bee

Vault maps used:
D:1:      lemuel_arrival_lava_pool, minmay_tree_intersection
D:2:      first_bread, elyvilon_altar_3
D:3:      serial_forest, infiniplex_forest_clump_long,
          infiniplex_forest_clump_tiny, infiniplex_forest_end_2,
          infiniplex_forest_clump_long, infiniplex_forest_clump_small,
          infiniplex_forest_lined_2, infiniplex_forest_clump_cross,
          infiniplex_forest_clump_curved, uniq_grinder, uniq_iyjb
D:4:      st_stairs_1, corexii_shack, nemelex_dance_club_becter
D:5:      serial_shops, shop, eino_tiny_chamber, uniq_prince_ribbit1,
          uniq_edmund
D:6:      minmay_temple_entry_purple_smoke, serial_shops,
          nicolae_shop_statue_plus

Action                   |  1- 3 |  4- 6 |  7- 9 || total
-------------------------+-------+-------+-------++-------
Melee: Trident           |    86 |   170 |    69 ||   325
       Whip              |       |    42 |       ||    42
       Hand axe          |       |       |   205 ||   205
Throw: Javelin           |    19 |    19 |    17 ||    55
       Throwing net      |     1 |     5 |     2 ||     8
       Stone             |       |     2 |     5 ||     7
  Use: Potion            |       |       |     1 ||     1
 Stab: Sleeping          |       |     1 |     3 ||     4
       Held in net/web   |       |     1 |     1 ||     2
  Eat: Chunk             |     1 |     5 |     3 ||     9
       Meat ration       |       |       |     1 ||     1
